 Dungeon Crawl Stone Soup version 0.25.0-9-g26727b657a (webtiles) character file.

Game seed: 8924154395847930002

122 Exodus22XD the Magician (level 4, -6/24 HPs)
             Began as a Deep Elf Wizard on June 20, 2020.
             Mangled by a gnoll
             ... wielding a +0 flail
              (12 damage)
             ... on level 2 of the Dungeon.
             The game lasted 00:05:44 (2618 turns).

Exodus22XD the Magician (Deep Elf Wizard)           Turns: 2618, Time: 00:05:44

Health: -6/24      AC:  2    Str:  4    XL:     4   Next: 78%
Magic:  2/12       EV: 17    Int: 24    God:
Gold:   135        SH:  0    Dex: 13    Spells: 0/11 levels left

rFire    + . .     SeeInvis .   c - +0 dagger
rCold    + . .     Gourm    .   (no shield)
rNeg     . . .     Faith    .   g - +0 robe
rPois    .         Spirit   .   b - +0 hat
rElec    .         Reflect  .   p - scarf {rC+ rF+}
rCorr    .         Harm     .   (no gloves)
MR       .....                  (no boots)
Stlth    ++........             (no amulet)
HPRegen  0.08/turn              n - +4 ring of evasion
MPRegen  0.13/turn              (no ring)

@: no status effects
A: no striking features
a: no special abilities


You were on level 2 of the Dungeon.
You were not hungry.

You visited 1 branch of the dungeon, and saw 4 of its levels.

You collected 135 gold pieces.

Inventory:

Hand Weapons
 c - a +0 dagger (weapon)
Armour
 b - a +0 hat (worn)
 g - a +0 robe (worn)
 p - a scarf of resistance (worn)
Jewellery
 h - an uncursed amulet of the acrobat
 n - a +4 ring of evasion (left hand)
Scrolls
 e - a scroll of magic mapping {unknown}
 f - a scroll of teleportation {unknown}
 j - 3 scrolls of immolation {unknown}
 k - a scroll of amnesia {unknown}
 m - a scroll of enchant armour {unknown}
 o - a scroll of blinking {unknown}
 r - a scroll of fog {unknown}
Potions
 a - a potion of haste {unknown}
 i - 3 potions of berserk rage {unknown}
 l - a potion of cancellation {unknown}
Comestibles
 d - 7 rations
 q - a chunk of flesh


   Skills:
 - Level 2.4 Dodging
 - Level 2.4 Stealth
 - Level 4.4 Spellcasting
 - Level 4.4 Conjurations
 + Level 2.8 Summonings
 - Level 1.1 Translocations


You couldn't memorise any spells.
You knew the following spells:

 Your Spells              Type           Power        Failure   Level  Hunger
a - Magic Dart            Conj           ####         1%          1    None
b - Call Imp              Summ           ###.....     4%          2    None
c - Blink                 Tloc           N/A          9%          2    None
d - Conjure Flame         Conj/Fire      ###.....     12%         3    ##.....
e - Mephitic Cloud        Conj/Pois/Air  ##......     16%         3    ##.....

Your spell library contained the following spells:

 Spells                   Type           Power        Failure   Level  Hunger
 Summon Small Mammal      Summ           ###.         3%          1    None
 Apportation              Tloc           ##....       6%          1    None
 Animate Skeleton         Necr           N/A          10%         1    None
 Corona                   Hex            #......      10%         1    None
 Slow                     Hex            #.......     14%         2    None


Dungeon Overview and Level Annotations

Branches:
Dungeon (4/15)
 Temple: D:4-7

Altars:


Message History

The gnoll hits you but does no damage.
There is a stone staircase leading down here.
The ooze hits you but does no damage.
The gnoll hits you from afar with a +0 spear!
* * * LOW HITPOINT WARNING * * *
The ooze closely misses you.
There is an open door here.
There is an escape hatch in the ceiling here.
A mysterious force pulls you upwards. The hatch slams shut behind you.
A gnoll is nearby!
Casting: Magic Dart (safe; 1% risk of failure)
Confirm with . or Enter, or press ? or * to list all spells.
Aiming: Magic Dart (safe; 1% risk of failure)
Press: ? - help, Shift-Dir - straight line, f - gnoll
Aim: a gnoll, wielding a +0 flail The magic dart hits the gnoll.
The gnoll is moderately wounded.
The gnoll hits you with a +0 flail!
Ouch! That really hurt!
You die...

##.####..##..##### #....#...#
##.# #...#.###..# ####..<######
##.# #.#.#.# #..# ##.......( ##.#
#.#.#.# #..# #..###### ##.#
#.#.#.###..# #..#.....
##.####..........########.....##.
............####...............#.
...##.......#############.....##.
##.............g@..........#.###.
..........#######.......##.######
##.................##.#..........
####################...##.######
######.###### #....... ########


You could see a gnoll.

Vanquished Creatures
  An orc priest (D:4)
  A gnoll (D:4)
  An adder (D:3)
  A dart slug (D:1)
  2 leopard geckos
  3 orcs
  3 ball pythons
  7 bats
  2 giant cockroaches
  4 goblins
  4 hobgoblins
  4 jackals (D:1)
  6 kobolds
  6 frilled lizards
  6 rats
51 creatures vanquished.

Vanquished Creatures (collateral kills)
  Terence (D:2)
1 creature vanquished.

Grand Total: 52 creatures vanquished

Notes
Turn   | Place    | Note
-------+----------+-------------------------------------------
     0 | D:1      | Exodus22XD the Deep Elf Wizard began the quest for the Orb.
     0 | D:1      | Reached XP level 1. HP: 10/10 MP: 7/7
    51 | D:1      | Reached XP level 2. HP: 15/15 MP: 0/9
   471 | D:1      | Reached XP level 3. HP: 19/19 MP: 3/10
   475 | D:1      | Learned a level 2 spell: Call Imp
   478 | D:1      | Learned a level 2 spell: Blink
   482 | D:1      | Learned a level 3 spell: Conjure Flame
  1321 | D:2      | Noticed Terence
  1337 | D:2      | Killed Terence
  1769 | D:3      | Reached XP level 4. HP: 6/24 MP: 0/12
  2215 | D:3      | Learned a level 3 spell: Mephitic Cloud
  2568 | D:4      | Noticed a phantom
  2618 | D:2      | Mangled by a gnoll

Illustrated notes

Levels and vault maps discovered:
D:1:      nicolae_arrival_memento_mori, layout_rooms
D:2:      layout_loops_ring, uniq_terence
D:3:      layout_basic, first_ration
D:4:      layout_basic, tso_metal_star, makhleb_grotto_becter,
          portal_sewer_entry_d, dk_noncrumbling_2, uniq_grinder, uniq_pikel

Skill      XL: |  1  2  3  4 |
---------------+-------------+-----
Conjurations   | 2 3 4 |  4.4
Summonings     | 2 |  2.8
Dodging        | |  2.4
Stealth        | |  2.4
Spellcasting   | |  4.4
Translocations | |  1.1

Action                   |  1- 3 |  4- 6 || total
-------------------------+-------+-------++-------
Melee: Unarmed           |    11 |       ||    11
       Dagger            |    11 |     6 ||    17
 Cast: Magic Dart        |    80 |    28 ||   108
       Call Imp          |     3 |       ||     3
       Mephitic Cloud    |       |     2 ||     2
       Conjure Flame     |       |     1 ||     1
 Stab: Confused          |       |     1 ||     1
  Eat: Chunk             |     2 |     3 ||     5
Armor: Robe              |     2 |     4 ||     6
Dodge: Dodged            |    32 |    10 ||    42
